[Event "17th Memorial Lezcano Montalvo 2025"]
[Site "Gran Canaria"]
[Date "2025.04.17"]
[Round "6.21"]
[White "Rivero Tacoronte, Gabriel"]
[Black "Brito Garcia, Alfredo"]
[Result "0-1"]
[Annotator "RC"]
[ECO "C50"]
[WhiteElo "1963"]
[BlackElo "2214"]
[PlyCount "68"]
[EventDate "2025.04.13"]
[EventType "swiss"]
[EventCountry "ESP"]
[SourceTitle "playchess.com"]
[Source "ChessBase"]
[SourceQuality "1"]
[TimeControl "5400+30"]

1. e4 e5 2. Nf3 Nc6 3. Bc4 Bc5 4. O-O Nf6 5. d3 d6 6. a4 a5 7. Be3 O-O 8. Bxc5 dxc5 9. Bb5 Na7 10. Nxe5 Qd4 11. Nf3 Qxb2 12. Na3 Qc3 13. Qd2 Qxd2 14. Nxd2 b6 15. f4 Bb7 16. h3 Rad8 17. Bc4 Nc6 18. c3 Ne7 19. Nc2 Ne8 20. Ne3 Nd6 21. Rfd1 Nxc4 22. Ndxc4 f6 23. Na3 g5 24. f5 Rf7 25. Nb5 Nc8 26. Ra2 Rfd7 27. Ng4 Kg7 28. Nf2 Ne7 29. Rad2 Ba6 30. Na3 Nc6 31. c4 Ne5 32. Nb1 Bb7 33. Kf1 Bc6 34. Ra2 Nxd3 0-1

[Event "17th Memorial Lezcano Montalvo 2025"]
[Site "Gran Canaria"]
[Date "2025.04.17"]
[Round "6.22"]
[White "Perez Rosales, Pedro"]
[Black "Rodriguez Avila, Alvaro"]
[Result "1-0"]
[Annotator "RC"]
[ECO "A49"]
[WhiteElo "1942"]
[BlackElo "2212"]
[PlyCount "75"]
[EventDate "2025.04.13"]
[EventType "swiss"]
[EventCountry "ESP"]
[SourceTitle "playchess.com"]
[Source "ChessBase"]
[SourceQuality "1"]
[TimeControl "5400+30"]

1. Nf3 Nf6 2. g3 g6 3. Bg2 Bg7 4. O-O O-O 5. d4 d6 6. a4 Nbd7 7. Nc3 e5 8. dxe5 dxe5 9. e4 Qe7 10. b3 Rd8 11. Ba3 Nc5 12. Bxc5 Qe8 13. Qe2 b6 14. Ba3 a5 15. Rfd1 Ba6 16. Rxd8 Qxd8 17. Qd2 Qe8 18. Rd1 Bb7 19. Ne1 h5 20. Nd5 Bxd5 21. exd5 Rd8 22. c4 c6 23. Qe3 cxd5 24. cxd5 e4 25. d6 h4 26. Nc2 Qc6 27. Qe2 Qc8 28. Ne3 Qe6 29. Qc4 Qe5 30. Qb5 Qe6 31. Qxb6 Rd7 32. Qb5 h3 33. Bf1 Bh6 34. Qc4 Qe5 35. Qd4 Qh5 36. Qxf6 Bxe3 37. fxe3 Qxd1 38. Bb2 1-0

[Event "17th Memorial Lezcano Montalvo 2025"]
[Site "Gran Canaria"]
[Date "2025.04.17"]
[Round "6.23"]
[White "Paquico Rodriguez, Ivan"]
[Black "Bolivar Castro, Alejandro"]
[Result "0-1"]
[Annotator "RC"]
[ECO "A46"]
[WhiteElo "2202"]
[BlackElo "2006"]
[PlyCount "102"]
[EventDate "2025.04.13"]
[EventType "swiss"]
[EventCountry "ESP"]
[SourceTitle "playchess.com"]
[Source "ChessBase"]
[SourceQuality "1"]
[TimeControl "5400+30"]

1. Nf3 Nf6 2. b3 d6 3. d4 a5 4. a4 g6 5. Bb2 Bg7 6. e3 Bf5 7. Be2 O-O 8. O-O c6 9. Nbd2 Na6 10. Nh4 d5 11. Nxf5 gxf5 12. Bd3 e6 13. c3 Kh8 14. f3 Bh6 15. Qe2 Nh5 16. f4 Nf6 17. Ba3 Rg8 18. Nf3 Bf8 19. Ne5 Rg7 20. Bc1 Nc7 21. Bd2 Nce8 22. Be1 Nd6 23. Bh4 Be7 24. Bg5 Ng8 25. Nf3 h6 26. Bxe7 Qxe7 27. Ne5 Nf6 28. Ra2 Nfe4 29. Qe1 Rag8 30. c4 f6 31. Nf3 b6 32. Rc2 c5 33. cxd5 exd5 34. Qh4 c4 35. bxc4 dxc4 36. Bxe4 Nxe4 37. Qh5 Nd6 38. Re1 Kh7 39. Qh3 Qe4 40. Ree2 Qc6 41. Ra2 b5 42. axb5 Qxb5 43. Reb2 Qe8 44. Ne1 c3 45. Rc2 Qb5 46. Qf3 Ne4 47. Qf1 Qb3 48. Qe2 a4 49. Qh5 Qb1 50. Qh4 Rg4 51. Qf2 Rxg2+ 0-1

[Event "17th Memorial Lezcano Montalvo 2025"]
[Site "Gran Canaria"]
[Date "2025.04.17"]
[Round "6.24"]
[White "de Leon Navarro, Claudio"]
[Black "Garcia Brion, Eduardo"]
[Result "0-1"]
[Annotator "RC"]
[ECO "B15"]
[WhiteElo "1918"]
[BlackElo "2171"]
[PlyCount "110"]
[EventDate "2025.04.13"]
[EventType "swiss"]
[EventCountry "ESP"]
[SourceTitle "playchess.com"]
[Source "ChessBase"]
[SourceQuality "1"]
[TimeControl "5400+30"]

1. e4 c6 2. Nc3 d5 3. Nf3 g6 4. d4 Bg7 5. h3 dxe4 6. Nxe4 Nf6 7. Ng3 O-O 8. Bc4 Nbd7 9. O-O b5 10. Bb3 c5 11. c3 c4 12. Bc2 Bb7 13. a4 a6 14. Re1 Nd5 15. Bd2 Qb6 16. Qc1 Rfe8 17. b4 cxb3 18. Bxb3 Rac8 19. axb5 axb5 20. Qb2 e6 21. Reb1 Bc6 22. Bc2 Qc7 23. Ne2 e5 24. dxe5 Nxe5 25. Nxe5 Bxe5 26. Bd3 b4 27. Qc2 bxc3 28. Nxc3 Bxc3 29. Bxc3 Bd7 30. Rc1 Qxc3 31. Qd1 Qd4 32. Rxc8 Rxc8 33. Ba6 Qxd1+ 34. Rxd1 Rc5 35. Bb7 Be6 36. Rd2 Kg7 37. g3 Nf6 38. Kh2 Rb5 39. Bf3 Ra5 40. g4 Ra2 41. Rxa2 Bxa2 42. Be2 g5 43. f3 Nd5 44. Kg3 Nf4 45. Bb5 Kf6 46. h4 h6 47. hxg5+ hxg5 48. Kf2 Ke5 49. Ba4 Kd4 50. Bc2 Nd3+ 51. Kg3 Ke3 52. Bxd3 Kxd3 53. f4 gxf4+ 54. Kxf4 Kd4 55. Kf5 Bb1+ 0-1

[Event "17th Memorial Lezcano Montalvo 2025"]
[Site "Gran Canaria"]
[Date "2025.04.17"]
[Round "6.25"]
[White "Lascar, Radoslawa"]
[Black "Garcia Padron, Juan"]
[Result "0-1"]
[Annotator "RC"]
[ECO "B86"]
[WhiteElo "1897"]
[BlackElo "2155"]
[PlyCount "60"]
[EventDate "2025.04.13"]
[EventType "swiss"]
[EventCountry "ESP"]
[SourceTitle "playchess.com"]
[Source "ChessBase"]
[SourceQuality "1"]
[TimeControl "5400+30"]

1. e4 c5 2. Nf3 d6 3. d4 cxd4 4. Nxd4 Nf6 5. Nc3 a6 6. Bc4 e6 7. g4 Be7 8. Be3 Nc6 9. f3 d5 10. exd5 Nxd5 11. Nxd5 Bh4+ 12. Kf1 exd5 13. Be2 O-O 14. Qd2 Ne5 15. b3 Qf6 16. Kg2 h5 17. h3 Bd7 18. g5 Qe7 19. f4 Ng6 20. Bf3 Rae8 21. Bf2 Qd6 22. Bxh4 Nxh4+ 23. Kf2 f6 24. Bxh5 Re4 25. Ne2 fxg5 26. Bf3 Rexf4 27. Nxf4 Rxf4 28. Raf1 Nxf3 29. Qa5 Nd2+ 30. Ke2 Nxf1 0-1

[Event "17th Memorial Lezcano Montalvo 2025"]
[Site "Gran Canaria"]
[Date "2025.04.17"]
[Round "6.26"]
[White "Bethencourt Hernandez, Alberto"]
[Black "Ramirez Maillo, Juan Adonay"]
[Result "1/2-1/2"]
[Annotator "NA RC"]
[ECO "B72"]
[WhiteElo "2122"]
[BlackElo "1956"]
[PlyCount "99"]
[EventDate "2025.04.13"]
[EventType "swiss"]
[EventCountry "ESP"]
[SourceTitle "playchess.com"]
[Source "ChessBase"]
[SourceQuality "1"]
[TimeControl "5400+30"]

1. e4 c5 2. Nf3 d6 3. d4 cxd4 4. Nxd4 Nf6 5. Nc3 Nc6 6. Be2 g6 7. Be3 Bg7 8. Qd2 O-O 9. O-O-O d5 10. Nxc6 bxc6 11. exd5 Nxd5 12. Nxd5 cxd5 13. Qxd5 Qc7 14. Qc5 Qb7 15. Qa3 Rb8 16. Bd4 Bxd4 17. Rxd4 Qxg2 18. Qf3 Qg5+ 19. Qf4 Qc5 20. Rc4 Qb6 21. Qd4 Ba6 22. Qxb6 Rxb6 23. Re4 Bb7 24. f3 Bxe4 25. fxe4 Rfb8 26. b3 Rf6 27. Kd2 Rd8+ 28. Ke3 e5 29. c4 a5 30. Rc1 Rc6 31. a3 Rb8 32. Rb1 Rcb6 33. Bd1 Kf8 34. Kd3 f5 35. Kc3 fxe4 36. b4 axb4+ 37. axb4 e3 38. c5 Rf6 39. Be2 Rf2 40. Kd3 Rxh2 41. b5 Ke7 42. b6 Rxe2 43. Kxe2 Kd7 44. Ra1 Kc6 45. Ra5 h5 46. Kxe3 h4 47. Ke4 Re8 48. Ra7 Kxc5 49. b7 Rb8 50. Kxe5 1/2-1/2

[Event "17th Memorial Lezcano Montalvo 2025"]
[Site "Gran Canaria"]
[Date "2025.04.17"]
[Round "6.27"]
[White "Alonso Perez, Alfredo"]
[Black "Krilovs, Nikolajs"]
[Result "0-1"]
[Annotator "NA RC"]
[ECO "A40"]
[WhiteElo "1853"]
[BlackElo "2112"]
[PlyCount "108"]
[EventDate "2025.04.13"]
[EventType "swiss"]
[EventCountry "ESP"]
[SourceTitle "playchess.com"]
[Source "ChessBase"]
[SourceQuality "1"]
[TimeControl "5400+30"]

1. d4 g6 2. Nf3 Bg7 3. Bf4 c5 4. c3 Qb6 5. Qb3 d6 6. dxc5 Qxc5 7. Ng5 Nh6 8. Nd2 O-O 9. e3 Nc6 10. Be2 d5 11. e4 d4 12. Rc1 Bg4 13. Ndf3 dxc3 14. O-O Na5 15. Qa4 Nc6 16. bxc3 a6 17. h3 Bd7 18. Qb3 Na5 19. Qb4 Rfc8 20. Be3 Qxb4 21. cxb4 Rxc1 22. Rxc1 Nc6 23. Rd1 Be8 24. a3 Bb2 25. Bc1 Bxc1 26. Rxc1 Kg7 27. Nd2 Nd4 28. Bd1 Bc6 29. Ngf3 Rd8 30. Ne5 Ba4 31. Kh1 Bxd1 32. Rxd1 f6 33. Nd3 Nb5 34. Nc4 Nc3 35. Rd2 Nxe4 36. Re2 Rxd3 37. Rxe4 Kf7 38. Re3 Rd1+ 39. Kh2 Nf5 40. Rc3 h5 41. g4 Ng7 42. Ne3 Rd7 43. Kg3 hxg4 44. hxg4 Ne6 45. f3 Nd4 46. Kf2 Nb5 47. Rb3 Rd2+ 48. Kg3 Nd4 49. Rb1 Ne2+ 50. Kh3 Nf4+ 51. Kg3 g5 52. Rb3 b5 53. Rb1 e6 54. Ra1 Re2 0-1

[Event "17th Memorial Lezcano Montalvo 2025"]
[Site "Gran Canaria"]
[Date "2025.04.17"]
[Round "6.28"]
[White "Ramirez Maillo, Cristian"]
[Black "Blanco Barros, Juan Carlos"]
[Result "0-1"]
[Annotator "NA RC"]
[ECO "C02"]
[WhiteElo "2106"]
[BlackElo "1941"]
[PlyCount "71"]
[EventDate "2025.04.13"]
[EventType "swiss"]
[EventCountry "ESP"]
[SourceTitle "playchess.com"]
[Source "ChessBase"]
[SourceQuality "1"]
[TimeControl "5400+30"]

1. e4 e6 2. d4 d5 3. e5 c5 4. c3 Nc6 5. Nf3 Bd7 6. Be2 Nh6 7. Bxh6 gxh6 8. O-O cxd4 9. cxd4 f6 10. Bb5 Bg7 11. Re1 O-O 12. Bxc6 Bxc6 13. Nbd2 Be8 14. exf6 Qxf6 15. Qe2 Bf7 16. Ne5 Rfe8 17. Qb5 Re7 18. Re3 Bh5 19. Rae1 Rae8 20. Nb3 Rf8 21. f3 Be8 22. Qb4 h5 23. Nc5 b6 24. Ncd3 Kh8 25. Qd6 Rg8 26. f4 Bf8 27. Qd8 Bh6 28. Rg3 Rf8 29. Qd6 Bb5 30. Rf1 Rc8 31. f5 Bxd3 32. Rxd3 Bf8 33. fxe6 Qxe6 34. Nf7+ Qxf7 35. Rxf7 Rc1+ 36. Rf1 0-1

[Event "17th Memorial Lezcano Montalvo 2025"]
[Site "Gran Canaria"]
[Date "2025.04.17"]
[Round "6.29"]
[White "De La Cruz Perez, Carlos"]
[Black "Halldorsson, Halldor"]
[Result "1/2-1/2"]
[Annotator "NA RC"]
[ECO "D76"]
[WhiteElo "1835"]
[BlackElo "2103"]
[PlyCount "185"]
[EventDate "2025.04.13"]
[EventType "swiss"]
[EventCountry "ESP"]
[SourceTitle "playchess.com"]
[Source "ChessBase"]
[SourceQuality "1"]
[TimeControl "5400+30"]

1. Nf3 Nf6 2. d4 g6 3. c4 Bg7 4. g3 O-O 5. Bg2 d5 6. cxd5 Nxd5 7. O-O Nb6 8. Nc3 Nc6 9. e3 a5 10. Re1 a4 11. h3 Be6 12. Kh2 Qd7 13. Ng1 Bc4 14. Nge2 Rfd8 15. Qc2 e5 16. dxe5 Bd3 17. Qd1 Qf5 18. Nf4 Nxe5 19. Nxd3 Nxd3 20. Rf1 Nxb2 21. Qe2 Bxc3 22. Bxb2 Rd2 23. Qe1 Ba5 24. Qb1 Qc2 25. Qxc2 Rxc2 26. Bd4 c6 27. Bxb6 Bxb6 28. Rfb1 Bc5 29. Kg1 Rd8 30. Be4 Rc4 31. Bf3 Rd7 32. Rc1 Rxc1+ 33. Rxc1 Bd6 34. Bd1 Ba3 35. Rb1 b5 36. Bf3 Rc7 37. Kf1 Kf8 38. Rd1 c5 39. Be4 c4 40. Rd5 f5 41. Bc2 b4 42. Bxa4 b3 43. axb3 c3 44. b4 c2 45. Bxc2 Rxc2 46. Rd7 Bxb4 47. Rxh7 Be7 48. h4 Bf6 49. Rb7 Be7 50. Kg2 Kf7 51. Kf3 Ke6 52. Rb6+ Bd6 53. Rb7 Bc7 54. g4 Ba5 55. gxf5+ gxf5 56. Rb1 Kf6 57. Kg3 Rc4 58. Ra1 Bc7+ 59. Kf3 Rxh4 60. Ra6+ Ke5 61. Rc6 Bd6 62. Ra6 Kd5 63. Ra8 Rb4 64. Ra5+ Bc5 65. Ra8 Rb2 66. Rd8+ Bd6 67. Ra8 Rc2 68. Ra5+ Bc5 69. Ra8 Bb4 70. Ra1 Kc4 71. Rf1 Kd3 72. Rd1+ Bd2 73. Rh1 Ra2 74. Rg1 Ra4 75. Rh1 Ra8 76. Rh4 Bc3 77. Rf4 Rf8 78. Ra4 Be5 79. Ra5 Bc7 80. Rd5+ Kc4 81. Rd1 Be5 82. Rc1+ Kd5 83. Rd1+ Ke6 84. Rh1 Rf6 85. Rb1 Rh6 86. Rb4 Kf6 87. Rb6+ Kg5 88. Rxh6 Kxh6 89. Ke2 Kh5 90. f4 Bxf4 91. exf4 Kg4 92. Ke3 Kg3 93. Ke2 1/2-1/2

[Event "17th Memorial Lezcano Montalvo 2025"]
[Site "Gran Canaria"]
[Date "2025.04.17"]
[Round "6.30"]
[White "Blanco Garcia Bajo, David"]
[Black "Garcia Rodriguez, Adriana"]
[Result "1-0"]
[Annotator "NA RC"]
[ECO "B24"]
[WhiteElo "2098"]
[BlackElo "1893"]
[PlyCount "85"]
[EventDate "2025.04.13"]
[EventType "swiss"]
[EventCountry "ESP"]
[SourceTitle "playchess.com"]
[Source "ChessBase"]
[SourceQuality "1"]
[TimeControl "5400+30"]

1. e4 c5 2. Nc3 e6 3. g3 Be7 4. Bg2 Nc6 5. d3 Nf6 6. Nge2 d6 7. O-O O-O 8. h3 a6 9. a4 Rb8 10. f4 Nd7 11. g4 b5 12. axb5 axb5 13. Ng3 b4 14. Nce2 Bb7 15. g5 f6 16. h4 fxg5 17. hxg5 Nb6 18. Be3 d5 19. exd5 Nxd5 20. Bd2 Nb6 21. b3 Nd4 22. Ne4 Nf5 23. Qe1 Nd5 24. N2g3 Qc7 25. Nxf5 exf5 26. Ng3 Kh8 27. Ra7 c4 28. dxc4 Qb6+ 29. Kh2 Qxa7 30. cxd5 Qc5 31. Nh5 Rg8 32. Be3 Qb5 33. Bd4 Bf8 34. g6 Qe8 35. gxh7 Qxh5+ 36. Kg1 Kxh7 37. Rf3 Bxd5 38. Rh3 Qxh3 39. Bxh3 g6 40. Qh4+ Bh6 41. Bf6 g5 42. Bxf5+ Rg6 43. fxg5 1-0

[Event "17th Memorial Lezcano Montalvo 2025"]
[Site "Gran Canaria"]
[Date "2025.04.17"]
[Round "6.31"]
[White "Cruz Ramirez, Nauzet"]
[Black "Quintero Hernandez, Marcos Jesus"]
[Result "0-1"]
[Annotator "NA COMBH"]
[ECO "D35"]
[WhiteElo "2076"]
[BlackElo "1874"]
[PlyCount "60"]
[EventDate "2025.04.13"]
[EventType "swiss"]
[EventCountry "ESP"]
[SourceTitle "playchess.com"]
[Source "ChessBase"]
[SourceQuality "1"]
[TimeControl "5400+30"]

1. d4 e6 2. c4 d5 3. Nc3 Be7 4. cxd5 exd5 5. Bf4 c6 6. e3 Nf6 7. Bd3 O-O 8. Nge2 Re8 9. O-O Nbd7 10. a3 Nf8 11. b4 Ne6 12. Bg3 Bd6 13. Qb3 Bxg3 14. Nxg3 Bd7 15. a4 g6 16. Nge2 Qe7 17. b5 Rab8 18. a5 Ng5 19. Qa3 Qd8 20. a6 b6 21. Rac1 Rc8 22. bxc6 Bxc6 23. Nb5 Bxb5 24. Bxb5 Rf8 25. Rxc8 Qxc8 26. Qe7 Kg7 27. Qxa7 Qg4 28. Qc7 Qc8 29. Rc1 Qg4 30. Qf4 Nh3+ 0-1

[Event "17th Memorial Lezcano Montalvo 2025"]
[Site "Gran Canaria"]
[Date "2025.04.17"]
[Round "6.32"]
[White "Sosa Suarez, Carla Cristina"]
[Black "Castro Miguelez, Jose"]
[Result "1-0"]
[Annotator "NA RC"]
[ECO "B31"]
[WhiteElo "2056"]
[BlackElo "1846"]
[PlyCount "67"]
[EventDate "2025.04.13"]
[EventType "swiss"]
[EventCountry "ESP"]
[SourceTitle "playchess.com"]
[Source "ChessBase"]
[SourceQuality "1"]
[TimeControl "5400+30"]

1. e4 c5 2. Be2 Nc6 3. d3 g6 4. f4 d6 5. Nf3 Bg7 6. c3 a6 7. a4 Nf6 8. Be3 b6 9. Na3 Bb7 10. O-O O-O 11. Qe1 e5 12. fxe5 Nxe5 13. Nxe5 dxe5 14. a5 Nd7 15. axb6 Qxb6 16. Nc4 Qc7 17. Qh4 f6 18. Rf3 Rf7 19. Bd1 Kh8 20. Bb3 Re7 21. Rg3 Nf8 22. Ra5 g5 23. Qh5 Ne6 24. Rh3 h6 25. Qg6 Rf8 26. Ra1 Bc8 27. Bd2 Nf4 28. Rxh6+ Bxh6 29. Qxh6+ Kg8 30. Bxf4 exf4 31. Ne5+ Re6 32. Ng6 Qg7 33. Bxe6+ Bxe6 34. Qxg7+ 1-0

[Event "17th Memorial Lezcano Montalvo 2025"]
[Site "Gran Canaria"]
[Date "2025.04.17"]
[Round "6.33"]
[White "Roquero Redondo, Miguel"]
[Black "Pace, Gabriele"]
[Result "1-0"]
[Annotator "NA RC"]
[ECO "B01"]
[WhiteElo "2037"]
[BlackElo "1895"]
[PlyCount "133"]
[EventDate "2025.04.13"]
[EventType "swiss"]
[EventCountry "ESP"]
[SourceTitle "playchess.com"]
[Source "ChessBase"]
[SourceQuality "1"]
[TimeControl "5400+30"]

1. e4 e6 2. d4 b6 3. Bd3 Bb7 4. Qe2 d5 5. exd5 Bxd5 6. Nf3 Nf6 7. O-O Be7 8. c4 Bb7 9. Nc3 O-O 10. Bg5 c5 11. dxc5 Bxc5 12. Rad1 Nbd7 13. Ne5 Qc7 14. Nxd7 Nxd7 15. Bxh7+ Kxh7 16. Qd3+ Kg8 17. Qxd7 Qc6 18. Qxc6 Bxc6 19. b3 f6 20. Be3 Bb4 21. Ne2 e5 22. Bd2 Bc5 23. Bc3 Rfd8 24. Ng3 Kf7 25. Rfe1 g6 26. Kf1 a5 27. a4 Rh8 28. h3 Rad8 29. f3 Ke7 30. Ke2 Rxd1 31. Rxd1 Rd8 32. Rxd8 Kxd8 33. Ne4 Be7 34. Bd2 f5 35. Nf2 Bd6 36. Be3 Bc7 37. Nd1 Kd7 38. Nc3 Ke6 39. Kd3 Bd8 40. Ke2 Kd6 41. g4 Bd7 42. Bf2 Kc6 43. Nd5 Be6 44. Ne3 Bg5 45. gxf5 gxf5 46. Nd5 Bd8 47. Nc3 Bf6 48. Nd5 Bd8 49. Nc3 Bf6 50. Nb5 f4 51. h4 Bf5 52. Kd2 e4 53. fxe4 Bxe4 54. Nd4+ Kb7 55. Ne2 Be5 56. Nc3 Bxc3+ 57. Kxc3 Bg6 58. b4 Be8 59. c5 Bxa4 60. cxb6 axb4+ 61. Kxb4 Be8 62. Kc5 Bc6 63. h5 Be4 64. Kd6 Kc8 65. h6 f3 66. Ke6 Kd8 67. Kf6 1-0

[Event "17th Memorial Lezcano Montalvo 2025"]
[Site "Gran Canaria"]
[Date "2025.04.17"]
[Round "6.35"]
[White "Almeida Cubas, Mirella"]
[Black "Sanchez Gonzalez, Diego"]
[Result "0-1"]
[Annotator "NA RC"]
[ECO "A05"]
[WhiteElo "1824"]
[BlackElo "2025"]
[PlyCount "110"]
[EventDate "2025.04.13"]
[EventType "swiss"]
[EventCountry "ESP"]
[SourceTitle "playchess.com"]
[Source "ChessBase"]
[SourceQuality "1"]
[TimeControl "5400+30"]

1. Nf3 e6 2. c4 d5 3. g3 Nf6 4. Bg2 g6 5. b3 Bg7 6. Bb2 O-O 7. O-O b6 8. d3 Bb7 9. Nbd2 Nbd7 10. Rc1 c5 11. cxd5 exd5 12. d4 Ne4 13. Rc2 Qe7 14. Qa1 Nxd2 15. Rxd2 c4 16. bxc4 dxc4 17. a4 Rfd8 18. Rc1 Bd5 19. h4 a6 20. Re1 f5 21. e4 fxe4 22. Ng5 Nf6 23. Rde2 b5 24. Nxe4 Nxe4 25. Bxe4 Qf7 26. Bc3 Rf8 27. f4 Rfd8 28. Kh2 Bf6 29. Bxd5 Qxd5 30. Re4 Rab8 31. Qa3 Qd7 32. a5 Qb7 33. Qb4 Qf7 34. Qc5 Rd7 35. R1e2 Rbd8 36. Qb6 Rd6 37. Qc5 R6d7 38. Qb6 Rb7 39. Qc5 Qd7 40. R2e3 Rc7 41. Qb4 Rcc8 42. Re2 Rf8 43. Qb2 Rf7 44. Qd2 Rd8 45. Qe3 Qd6 46. Re6 Qa3 47. Re8+ Rxe8 48. Qxe8+ Kg7 49. Bb2 Qxa5 50. Qe3 b4 51. Qd2 c3 52. Bxc3 bxc3 53. Qd3 Qb5 54. Qd1 Rb7 55. Rc2 Qc4 0-1

[Event "17th Memorial Lezcano Montalvo 2025"]
[Site "Gran Canaria"]
[Date "2025.04.17"]
[Round "6.36"]
[White "Arlet, Benjamin Andres"]
[Black "Cruz Pino, Adrian"]
[Result "1/2-1/2"]
[Annotator "NA RC"]
[ECO "B00"]
[WhiteElo "1721"]
[BlackElo "2099"]
[PlyCount "178"]
[EventDate "2025.04.13"]
[EventType "swiss"]
[EventCountry "ESP"]
[SourceTitle "playchess.com"]
[Source "ChessBase"]
[SourceQuality "1"]
[TimeControl "5400+30"]

1. e4 Nc6 2. Nf3 d6 3. d4 Bg4 4. Be3 g6 5. h3 Bxf3 6. Qxf3 Bg7 7. Bc4 e6 8. c3 Nge7 9. Nd2 a6 10. a4 Qd7 11. Qe2 O-O 12. O-O Kh8 13. f4 f5 14. e5 Nd5 15. h4 Nxe3 16. Qxe3 d5 17. Be2 h5 18. Nf3 Bh6 19. Ng5 Bxg5 20. hxg5 Kg7 21. Rf3 Na5 22. b4 Nc4 23. Bxc4 dxc4 24. Rf2 Rfd8 25. Qe2 Qd5 26. Qf3 Kf7 27. Qxd5 Rxd5 28. g3 Ke7 29. Rb2 b6 30. a5 Rb5 31. Rba2 c5 32. bxc5 bxc5 33. dxc5 Rd8 34. Ra4 Rxc5 35. Rb4 Rc7 36. Rb6 Rd3 37. Rxa6 Rxg3+ 38. Kf2 Rxc3 39. Rd6 Rb3 40. a6 Rb8 41. a7 Ra8 42. Raa6 Raxa7 43. Rxe6+ Kd7 44. Red6+ Kc8 45. Rxa7 Rxa7 46. Rxg6 Rc7 47. Ke2 c3 48. Kd1 Rc4 49. Rd6 Rxf4 50. e6 Kc7 51. Rd7+ Kc6 52. g6 Re4 53. g7 Rxe6 54. g8=Q Kxd7 55. Qf7+ Kd6 56. Qxf5 Re5 57. Qg6+ Ke7 58. Kc2 Rc5 59. Qg7+ Kd6 60. Qd4+ Kc6 61. Qd8 h4 62. Qxh4 Kc7 63. Qe7+ Kc6 64. Qd8 Kb7 65. Qd6 Rc7 66. Qd1 Kc8 67. Kb3 c2 68. Qc1 Rb7+ 69. Ka4 Rc7 70. Kb5 Kb8 71. Kb6 Rb7+ 72. Kc6 Rc7+ 73. Kd6 Rc8 74. Kd5 Rc7 75. Ke5 Kb7 76. Kd5 Kb8 77. Ke5 Kb7 78. Kd6 Rc6+ 79. Kd5 Rc7 80. Ke4 Ka7 81. Kd3 Rd7+ 82. Kc4 Rc7+ 83. Kb5 Kb7 84. Ka5 Rc5+ 85. Ka4 Rc7 86. Kb5 Ka7 87. Qa3+ Kb7 88. Qc1 Ka7 89. Qa3+ Kb7 1/2-1/2

[Event "17th Memorial Lezcano Montalvo 2025"]
[Site "Gran Canaria"]
[Date "2025.04.17"]
[Round "6.37"]
[White "Santos Falcon, Jose"]
[Black "Fernandez Lozano, Francesc"]
[Result "0-1"]
[Annotator "NA RC"]
[ECO "E72"]
[WhiteElo "1689"]
[BlackElo "2042"]
[PlyCount "36"]
[EventDate "2025.04.13"]
[EventType "swiss"]
[EventCountry "ESP"]
[SourceTitle "playchess.com"]
[Source "ChessBase"]
[SourceQuality "1"]
[TimeControl "5400+30"]

1. d4 Nf6 2. c4 g6 3. Nc3 Bg7 4. g3 d6 5. Bg2 O-O 6. e4 c5 7. Nge2 Nc6 8. Be3 Ng4 9. dxc5 Nxe3 10. fxe3 dxc5 11. Qd5 Nb4 12. Qxd8 Rxd8 13. Rc1 Nd3+ 14. Kf1 Nxc1 15. Nxc1 Bxc3 16. bxc3 Be6 17. Kf2 Rd2+ 18. Kf3 Bxc4 0-1

[Event "17th Memorial Lezcano Montalvo 2025"]
[Site "Gran Canaria"]
[Date "2025.04.17"]
[Round "6.38"]
[White "Torres Rebolledo, Marcos"]
[Black "Perez Betancor, Jose Luis"]
[Result "1-0"]
[Annotator "NA RC"]
[ECO "A52"]
[WhiteElo "2010"]
[BlackElo "1782"]
[PlyCount "33"]
[EventDate "2025.04.13"]
[EventType "swiss"]
[EventCountry "ESP"]
[SourceTitle "playchess.com"]
[Source "ChessBase"]
[SourceQuality "1"]
[TimeControl "5400+30"]

1. d4 Nf6 2. c4 e5 3. dxe5 Ng4 4. e4 Nxe5 5. f4 Nec6 6. Nc3 Bc5 7. Qg4 O-O 8. f5 d6 9. Nf3 Nb4 10. Bh6 g6 11. O-O-O Re8 12. a3 N4a6 13. Nd5 Nd7 14. fxg6 hxg6 15. Bg5 Ne5 16. Qh4 Nxf3 17. gxf3 1-0

[Event "17th Memorial Lezcano Montalvo 2025"]
[Site "Gran Canaria"]
[Date "2025.04.17"]
[Round "6.39"]
[White "Morell Rojas, Samuel"]
[Black "Ramos Santana, Marcelino"]
[Result "0-1"]
[Annotator "NA RC"]
[ECO "B22"]
[WhiteElo "1652"]
[BlackElo "1903"]
[PlyCount "118"]
[EventDate "2025.04.13"]
[EventType "swiss"]
[EventCountry "ESP"]
[SourceTitle "playchess.com"]
[Source "ChessBase"]
[SourceQuality "1"]
[TimeControl "5400+30"]

1. e4 c5 2. c3 Nf6 3. e5 Nd5 4. d4 cxd4 5. cxd4 d6 6. Nf3 Nc6 7. Bc4 dxe5 8. dxe5 Nb6 9. Qxd8+ Nxd8 10. Bd3 Nc6 11. O-O g6 12. Nc3 Bg4 13. Be4 Bg7 14. Re1 O-O 15. h3 Be6 16. Ng5 Bc4 17. b3 h6 18. bxc4 hxg5 19. Bxc6 bxc6 20. c5 Nc4 21. Bxg5 Bxe5 22. Rac1 f6 23. Nd1 Na3 24. Bd2 Nb5 25. Nc3 Nxc3 26. Bxc3 Bxc3 27. Rxc3 Kf7 28. Rb3 Rab8 29. Reb1 Rxb3 30. Rxb3 Ke6 31. Rb7 Kd5 32. Rxe7 a5 33. Ra7 Kxc5 34. Rxa5+ Kb4 35. Ra7 c5 36. a4 c4 37. a5 c3 38. a6 Rc8 39. Rb7+ Ka3 40. a7 c2 41. a8=Q+ Rxa8 42. Rc7 Kb2 43. Rb7+ Ka1 44. Rc7 Ra2 45. Kh2 Kb1 46. Kg3 c1=Q 47. Rxc1+ Kxc1 48. f4 Kd2 49. Kg4 Ke3 50. g3 Ke4 51. h4 Ra5 52. Kh3 Kf3 53. f5 Rxf5 54. g4 Ra5 55. h5 gxh5 56. Kh4 Ra4 57. Kxh5 Rxg4 58. Kh6 Kg3 59. Kh5 f5 0-1

[Event "17th Memorial Lezcano Montalvo 2025"]
[Site "Gran Canaria"]
[Date "2025.04.17"]
[Round "6.40"]
[White "Hernandez Guerra, Luna Yue"]
[Black "Basualdo De Ornelas, Jorge"]
[Result "0-1"]
[Annotator "NA RC"]
[ECO "C28"]
[WhiteElo "1897"]
[BlackElo "1794"]
[PlyCount "54"]
[EventDate "2025.04.13"]
[EventType "swiss"]
[EventCountry "ESP"]
[SourceTitle "playchess.com"]
[Source "ChessBase"]
[SourceQuality "1"]
[TimeControl "5400+30"]

1. e4 e5 2. Nc3 Nc6 3. Bc4 Nf6 4. d3 Bc5 5. f4 O-O 6. f5 d5 7. Nxd5 Nxe4 8. Qh5 Nf6 9. Nxf6+ Qxf6 10. g4 e4 11. Ne2 exd3 12. Bxd3 Ne5 13. Be4 Qb6 14. Kf1 Bd7 15. Qh3 Bc6 16. Qg2 Bxe4 17. Qxe4 Rfe8 18. Bd2 Rad8 19. Bc3 Nd3 20. Qg2 Nf2 21. Re1 Nxh1 22. Qxh1 Bf2 23. Rb1 Qe3 24. Ng3 Bxg3 25. hxg3 Qe2+ 26. Kg1 Rd1+ 27. Rxd1 Qxd1+ 0-1

[Event "17th Memorial Lezcano Montalvo 2025"]
[Site "Gran Canaria"]
[Date "2025.04.17"]
[Round "6.41"]
[White "Gonzalez Perdomo, Sergio"]
[Black "Martinez Correa, Rafael"]
[Result "1-0"]
[Annotator "NA RC"]
[ECO "D00"]
[WhiteElo "1880"]
[BlackElo "1719"]
[PlyCount "69"]
[EventDate "2025.04.13"]
[EventType "swiss"]
[EventCountry "ESP"]
[SourceTitle "playchess.com"]
[Source "ChessBase"]
[SourceQuality "1"]
[TimeControl "5400+30"]

1. d4 Nf6 2. Bf4 g6 3. Nc3 d5 4. Nf3 Bg7 5. Qd2 c6 6. O-O-O Nbd7 7. e3 Nh5 8. Bd3 Nxf4 9. exf4 Qc7 10. Ne5 Nxe5 11. fxe5 Bd7 12. f4 O-O-O 13. h3 h5 14. Na4 h4 15. Nc5 e6 16. b4 Bf8 17. Qc3 Re8 18. a4 Bxc5 19. bxc5 Kd8 20. Kd2 Bc8 21. Rb1 Kd7 22. a5 a6 23. Rb6 Re7 24. Be2 Ke8 25. g3 hxg3 26. Qxg3 Rd7 27. h4 Qd8 28. h5 gxh5 29. Qg7 Rf8 30. f5 exf5 31. e6 Qc7 32. exd7+ Kxd7 33. Qxf8 Qf4+ 34. Kc3 Qe4 35. Qd6+ 1-0